 Dungeon Crawl Stone Soup version 0.25-a0-96-g4073cf80fb (webtiles) character file.

Game seed: 12773311942523103557, levelgen mode: deterministic

239 vurker the Magician (level 5, -3/38 HPs)
             Began as a Mummy Fire Elementalist on Nov 11, 2019.
             Slain by Blork the orc
             ... wielding a +6 scimitar
              (9 damage)
             ... on level 4 of the Dungeon.
             The game lasted 00:05:13 (3790 turns).

vurker the Magician (Mummy Fire Elementalist)       Turns: 3790, Time: 00:05:14

Health: -3/38      AC:  2    Str: 12    XL:     5   Next: 79%
Magic:  7/12       EV: 12    Int: 15    God:
Gold:   114        SH:  0    Dex: 12    Spells: 5/13 levels left

rFire    x . .     SeeInvis .   c - +0 dagger
rCold    + . .     Gourm    .   (no shield)
rNeg     + + +     Faith    .   a - +0 robe
rPois    ∞         Spirit   .   (no helmet)
rElec    .         Reflect  .   (no cloak)
rCorr    .         Harm     .   (no gloves)
MR       .....                  (no boots)
Stlth    ++........             (no amulet)
HPRegen  0.12/turn              (no ring)
MPRegen  0.13/turn              (no ring)

@: no status effects
A: no food or potions, fire vulnerability, cold resistance 1, negative energy
resistance 3, torment resistance, unbreathing
a: no special abilities


You were on level 4 of the Dungeon.
You were not hungry.

You visited 1 branch of the dungeon, and saw 4 of its levels.

You collected 114 gold pieces.

Inventory:

Hand Weapons
 c - a +0 dagger (weapon)
   (You took it off a kobold on level 1 of the Dungeon)
Armour
 a - a +0 robe (worn)
Wands
 u - a wand of paralysis (7)
   (You found it on level 2 of the Dungeon)
Scrolls
 b - a scroll of enchant weapon
 d - 2 scrolls of remove curse
 e - a scroll of immolation
 f - a scroll of teleportation
 g - a scroll of enchant armour


   Skills:
 + Level 1.7 Fighting
 - Level 1.5 Dodging
 - Level 1.5 Stealth
 * Level 4.7 Spellcasting
 * Level 2.4 Conjurations
 * Level 3.5 Fire Magic


You had 5 spell levels left.
You knew the following spells:

 Your Spells              Type           Power        Failure   Level  Hunger
a - Flame Tongue          Conj/Fire      ##...        4%          1    N/A
c - Conjure Flame         Conj/Fire      ##......     14%         3    N/A
q - Sticky Flame          Conj/Fire      ##......     43%         4    N/A

Your spell library contained the following spells:

 Spells                   Type           Power        Failure   Level  Hunger
 Throw Flame              Conj/Fire      ##....       8%          2    N/A
 Inner Flame              Hex/Fire       #.......     24%         3    N/A
 Fireball                 Conj/Fire      ##........   80%         5    N/A

Dungeon Overview and Level Annotations

Branches:
Dungeon (4/15)
 Temple: D:4-7

Altars:
Dithmenos
Makhleb
Trog
Xom
Zin

Annotations:
D:4 Blork the orc


Innate Abilities, Weirdness & Mutations

You do not eat or drink.
Your flesh is vulnerable to fire.
You are immune to poison.
Your flesh is cold resistant. (rC+)
You are immune to negative energy. (rN+++)
You are immune to unholy pain and torment.
You can survive without breathing.


Message History

Aim: a hound The flame tongue hits the hound.
The hound closely misses you.
Aim: a hound (moderately wounded)
The flame tongue hits the hound!
The hound barely misses you.
A scorpion comes into view.
The hound bites you.
Aim: a hound (almost dead)
The flame tongue hits the hound.
You kill the hound!
You can't see any susceptible monsters within range! (Use Z to cast anyway.)
The fire ignites!
The fire ignites!
You don't have enough magic to cast that spell.
You climb upwards.
There is a stone staircase leading down here.
You see here 21 stones.
There is a stone staircase leading up here.
There is a stone staircase leading down here.
You start resting.
You climb downwards.
There is a stone staircase leading up here.
Found a stone staircase leading down.
Blork the orc comes into view.
He is wielding a +6 scimitar.
Found a puce potion and a scroll of identify.
Aim: Blork the orc, wielding a +6 scimitar and wearing a +0 robe (resting)
The flame tongue hits Blork the orc.
Aim: Blork the orc, wielding a +6 scimitar and wearing a +0 robe (lightly wounded)
The flame tongue misses Blork the orc.
Blork the orc hits you with a +6 scimitar!
Aim: Blork the orc, wielding a +6 scimitar and wearing a +0 robe (lightly wounded)
The flame tongue hits Blork the orc.
Aim: Blork the orc, wielding a +6 scimitar and wearing a +0 robe (lightly wounded)
The flame tongue hits Blork the orc.
Blork the orc mumbles some strange words.
Blork the orc seems to speed up.
Aim: Blork the orc, wielding a +6 scimitar and wearing a +0 robe (moderately wounded, fast)
The flame tongue hits Blork the orc!
Blork the orc points at you and mumbles some strange words.
The puff of flame misses you.
Blork the orc gestures at you while chanting.
The puff of flame hits you! The fire burns you terribly!
* * * LOW HITPOINT WARNING * * *
Aim: Blork the orc, wielding a +6 scimitar and wearing a +0 robe (heavily wounded, fast, chance to defeat MR: 46%) Blork the orc resists with some effort.
Blork the orc hits you with a +6 scimitar!
* * * LOW HITPOINT WARNING * * *
Aim: Blork the orc, wielding a +6 scimitar and wearing a +0 robe (heavily wounded, fast, chance to defeat MR: 46%) Blork the orc resists with some effort.
Blork the orc hits you with a +6 scimitar!
You die...

### #.. #.# #.#
###.#
######.###......
#<....#.@.......
#.####.##o......
#.# #.# .......
#.# #.# ....>..
#.# #.# .!.....
#.# #.. .......
#.# ### .?...##
#.. .....#


You could see Blork the orc.

Vanquished Creatures
  2 hounds
  An orc priest (D:3)
  A hound zombie (D:4)
  5 adders
  An ooze (D:3)
  2 worms
  3 dart slugs (D:1)
  3 leopard geckos
  7 orcs (D:3)
  3 ball pythons
  2 giant cockroaches (D:1)
  8 goblins
  9 hobgoblins
  5 bats
  3 frilled lizards
  7 kobolds
  4 rats
66 creatures vanquished.

Notes
Turn   | Place    | Note
-------+----------+-------------------------------------------
     0 | D:1      | vurker the Mummy Fire Elementalist began the quest for the
                  | Orb.
     0 | D:1      | Reached XP level 1. HP: 13/13 MP: 4/4
   212 | D:1      | Reached skill level 1 in Conjurations
   226 | D:1      | Reached skill level 3 in Spellcasting
   234 | D:1      | Reached XP level 2. HP: 8/20 MP: 0/6
   903 | D:1      | Reached XP level 3. HP: 12/25 MP: 0/7
  1487 | D:2      | Found a burning altar of Makhleb.
  1493 | D:2      | Reached skill level 1 in Fighting
  1493 | D:2      | Reached XP level 4. HP: 19/32 MP: 2/9
  1925 | D:2      | Found a shadowy altar of Dithmenos.
  2007 | D:2      | Reached skill level 4 in Spellcasting
  2462 | D:3      | Learned a level 4 spell: Sticky Flame
  2466 | D:3      | Learned a level 3 spell: Conjure Flame
  2661 | D:3      | Reached XP level 5. HP: 4/37 MP: 1/11
  3116 | D:3      | Found a shimmering altar of Xom.
  3122 | D:3      | Found a bloodstained altar of Trog.
  3318 | D:3      | Found a glowing silver altar of Zin.
  3420 | D:3      | Found a faded altar of an unknown god.
  3614 | D:4      | Noticed an ogre
  3783 | D:4      | Noticed Blork the orc
  3790 | D:4      | Slain by Blork the orc

Levels and vault maps discovered:
D:1:      minmay_arrival_widening_spiral_wide, layout_loops_cross,
          hangedman_abyss_or_decor_stabs
D:2:      layout_basic, grunt_dithmenos_smoke_and_mirrors,
          chequers_serial_rivers_small_a, makhleb_heckhound_becter
D:3:      layout_loops_ring, gammafunk_temple_overflow_forgotten, first_ration,
          chequers_ecumenical_altar_simple, minmay_misc_feat_room
D:4:      layout_loops_ring, temple_pool_b, gammafunk_ghost_arena,
          uniq_blork_the_orc

Skill      XL: |  1  2  3  4 |
---------------+-------------+-----
Conjurations   | 1 2 |  2.4
Spellcasting   | 3 4 |  4.7
Fighting       | 1 |  1.7
Fire Magic     | 3 |  3.5
Dodging        | |  1.5
Stealth        | |  1.5

Action                   |  1- 3 |  4- 6 || total
-------------------------+-------+-------++-------
Melee: Dagger            |    37 |     3 ||    40
       Unarmed           |     9 |       ||     9
 Cast: Flame Tongue      |    41 |    91 ||   132
       Conjure Flame     |       |     3 ||     3
Evoke: Wand              |       |     2 ||     2
  Use: Scroll            |     3 |     3 ||     6
Armor: Robe              |     5 |     6 ||    11
Dodge: Dodged            |    36 |    22 ||    58

Table legend:
 A = Non-vault XP
 B = Vault XP
 C = Vault XP percentage of total XP
 D = Non-vault monster count
 E = Vault monster count
 F = Vault count percentage of total count
                 A         B        C        D         E       F
            +---------+---------+-------+---------+---------+-------
      Total |     297 |      45 |  13.2 |      65 |       1 |   1.5
            +---------+---------+-------+---------+---------+-------
        D:1 |      54 |       0 |   0.0 |      26 |       0 |   0.0
        D:2 |      72 |      45 |  38.5 |      15 |       1 |   6.2
        D:3 |     107 |       0 |   0.0 |      21 |       0 |   0.0
        D:4 |      64 |       0 |   0.0 |       3 |       0 |   0.0
            +---------+---------+-------+---------+---------+-------
